 Dungeon Crawl Stone Soup version 0.30.1-11-g7821555f0a (webtiles) character file.

Game seed: 12388240316105175602

8421 lonewolfV2 the Protected (level 11, 0/91 HPs)
             Began as a Minotaur Fighter on Nov 3, 2023.
             Was a Priest of Qazlal.
             Slain by a gnoll sergeant
             ... wielding a +0 trident
              (5 damage)
             ... on level 10 of the Dungeon.
             The game lasted 00:19:29 (10378 turns).

lonewolfV2 the Protected (Minotaur Fighter)        Turns: 10378, Time: 00:19:30

Health: 0/91       AC: 15    Str: 27    XL:     11   Next: 9%
Magic:  4/4        EV: 11    Int:  5    God:    Qazlal [***...]
Gold:   492        SH:  9    Dex: 12    Spells: 10/10 levels left

rFire   + + .        s - +4 trident of Otwarphuz {antimagic, rF+ Str+4}
rCold   + . .        c - +0 buckler
rNeg    . . .        A - +0 plate armour
rPois   +            (helmet restricted)
rElec   +            (no cloak)
rCorr   +            (no gloves)
SInv    +            (no boots)
Will    .....        (no amulet) Stlth
                     e - ring of poison resistance
HPRegen 0.35/turn    i - ring of see invisible
MPRegen 0.09/turn

%: no passive effects
@: resistant
A: horns 2, retaliatory headbutt
a: Renounce Religion, Upheaval, Elemental Force


You were on level 10 of the Dungeon.
You worshipped Qazlal.
Qazlal was most pleased with you.
You visited 2 branches of the dungeon, and saw 11 of its levels.
You also visited: Sewer.

You collected 492 gold pieces.

Inventory:

Hand Weapons
 a - a +1 war axe
 s - the +4 trident of Otwarphuz (weapon) {antimagic, rF+ Str+4}
   (You found it on level 3 of the Dungeon)

   Str:       It affects your strength (+4).
   rF:        It protects you from fire.
Missiles
 E - 2 throwing nets (quivered)
Armour
 c - a +0 buckler (worn)
 A - a +0 plate armour (worn)
Jewellery
 b - a ring of resist corrosion
 e - a ring of poison resistance (left hand)
 i - a ring of see invisible (right hand)
 J - a ring of protection from cold
Wands
 r - a wand of flame (17)
 t - a wand of charming (9)
 C - a wand of mindburst (18)
 G - a wand of roots (2)
Scrolls
 f - a scroll of identify
 h - 5 scrolls of magic mapping
 k - a scroll of enchant armour
 n - a scroll of fear
 o - 4 scrolls of teleportation
 p - 2 scrolls of blinking
 q - 3 scrolls of enchant weapon
 u - 2 scrolls of fog
 v - a scroll of vulnerability
 y - 2 scrolls of immolation
 H - a scroll of amnesia
Potions
 d - 6 potions of might
 g - 3 potions of brilliance
 j - 2 potions of mutation
 l - 2 potions of flight
 m - a potion of lignification
 w - a potion of berserk rage
 x - a potion of haste
 z - a potion of cancellation
 B - a potion of invisibility
 D - 2 potions of degeneration
 F - a potion of resistance


   Skills:
 + Level 6.5 Fighting
 - Level 6.2(7.1) Axes
 + Level 2.1(4.4) Maces & Flails
 - Level 4.6(6.1) Polearms
 - Level 11.2 Armour
 - Level 11.2 Dodging
 - Level 5.8 Shields
 * Level 5.8 Invocations


You had 10 spell levels left.
You didn't know any spells.
Your spell library contained the following spells:

 Spells                   Type           Power      Damage    Failure   Level
 Kiss of Death            Conj/Necr      0%         2d5       99%         1
 Summon Small Mammal      Summ           0%         N/A       99%         1
 Call Canine Familiar     Summ           0%         N/A       100%        3
 Confusing Touch          Hex            0%         N/A       100%        3
 Ignite Poison            Fire/Tmut/Pois 0%         N/A       100%        3
 Ozocubu's Armour         Ice            0%         N/A       100%        3
 Summon Guardian Golem    Hex/Summ       0%         N/A       100%        3
 Vhi's Electric Charge    Tloc/Air       0%         N/A       100%        3
 Dispel Undead            Necr           0%         3d6       100%        4
 Sticky Flame             Conj/Fire      0%         2d3       100%        4
 Arcjolt                  Conj/Air       0%         1d10      100%        5
 Iskenderun's Battlesphe  Conj           0%         2d6       100%        5
 Iron Shot                Conj/Erth      0%         9d1       100%        6
 Ozocubu's Refrigeration  Ice            0%         4d7       100%        7
 Spellforged Servitor     Conj/Summ      0%         N/A       100%        7
 Ignition                 Fire           0%         3d3       100%        8
 Maxwell's Capacitive Co  Air            0%         ∞         100%        8


Dungeon Overview and Level Annotations

Branches:
Dungeon (10/15)            Temple (1/1) D:4           Sewer (visited)
   Lair: D:8-11         Orc: D:9-12

Altars:
Ashenzari
Cheibriados
Dithmenos
Elyvilon
Fedhas
Gozag
Hepliaklqana
Kikubaaqudgha
Makhleb
Nemelex Xobeh
Okawaru
Qazlal
Ru
Sif Muna
Trog
Uskayaw
Vehumet
Wu Jian
Xom
Yredelemnul
Zin
The Shining One

Shops:
D:6 (

Annotations:
D:4 2 transporters, mrw3rdna's ghost, amateur DrVM


Innate Abilities, Weirdness & Mutations

You have a pair of horns on your head.
You reflexively headbutt those who attack you in melee.


Message History

You block the fire elemental's attack.
You barely miss the fire elemental.
Your headbutt misses the fire elemental.
The fire elemental is lightly damaged.
The deep elf pyromancer gestures wildly while chanting.
The gnoll zaps a wand.
The roots erupt in riotous growth!
The gnoll sergeant is unaffected.
The gnoll is unaffected. x3
The grasping roots grab you! The grasping roots constrict you.
The gnoll hits you but does no damage. The fire elemental hits you.
The fire elemental burns you! You resist.
* * * LOW HITPOINT WARNING * * *
The gnoll sergeant closely misses you.
You closely miss the fire elemental. You headbutt the fire elemental.
The fire elemental is lightly damaged.
The fire elemental hits you. The fire elemental burns you! You resist.
* * * LOW HITPOINT WARNING * * *
The deep elf pyromancer gestures wildly while chanting.
The deep elf pyromancer blinks!
The grasping roots constrict you. The gnoll hits you but does no damage.
You block the gnoll sergeant's attack.
You hit the fire elemental but do no damage.
The fire elemental is lightly damaged.
The fire elemental disappears in a puff of smoke!
The grasping roots constrict you. You block the gnoll's attack.
The gnoll sergeant hits you but does no damage.
You feel protected. The grasping roots constrict you.
The gnoll barely misses you. The yak gores you.
* * * LOW HITPOINT WARNING * * *
The gnoll sergeant hits you with a +0 trident.
* * * LOW HITPOINT WARNING * * *
The grasping roots release their grip on you.
Blink to where?
Press: ? - help, Q - select action, (/) - cycle Dir - move target, f/p - yak
Aim: a yak (almost dead)
Okay, then.
Okay, then.
You barely miss the yak. The gnoll completely misses you. The yak gores you!
* * * LOW HITPOINT WARNING * * *
The gnoll sergeant hits you with a +0 trident.
You die...

#.. ..# ...# . ##
##..###.##...#.. #.#
[...>........... ....
.....$......... .....
#....○°..... .....#
#......☼.... ......#
#.....§.....
......g###..........#
.....Dgg@YY.........#####
......g###E..............
....... #☼°.............#
.####...#...#..##......#
#.......#####......##
........####..#....#.
#.#.>....#.#...#..###.
###...........###..##.
#......#.......#.....


You could see 2 yaks, a fire elemental (summoned), an acid dragon, a gnoll
sergeant and 3 gnolls.

Vanquished Creatures
  Joseph (D:7)
  Psyche (D:8)
  A hornet (D:9)
  Sigmund (D:2)
  A wraith (D:9)
  17 yaks
  2 wyverns
  2 water moccasins
  An ice beast (D:7)
  An orc warrior (D:9)
  2 black bears
  4 centaurs
  2 phantoms (D:4)
  8 kobold brigands
  3 bullfrogs (D:7)
  3 gnoll sergeants
  5 wights (D:8)
  19 killer bees
  4 howler monkeys
  3 jellies
  4 hounds
  Crazy Yiuf (D:7)
  4 orc priests
  A gnoll bouda (D:6)
  Jessica (D:3)
  A sleepcap (D:6)
  4 iguanas
  8 orc wizards
  18 gnolls
  8 adders
  A river rat (Sewer)
  A white imp (D:6)
  3 ufetubi
  4 worms
  2 dart slugs
  18 orcs
  8 bats
  15 endoplasms
  2 giant cockroaches (D:1)
  7 goblins
  6 hobgoblins
  9 jackals
  5 quokkas
  7 ball pythons
  3 frilled lizards
  29 kobolds
  15 rats
266 creatures vanquished.

Vanquished Creatures (others)
  2 yaks (D:8)
2 creatures vanquished.

Grand Total: 268 creatures vanquished

Notes
Turn   | Place    | Note
-------+----------+-------------------------------------------
     0 | D:1      | lonewolfV2 the Minotaur Fighter began the quest for the
                  | Orb.
     0 | D:1      | Reached XP level 1. HP: 19/19 MP: 0/0
    35 | D:1      | Found a faded altar of an unknown god.
   140 | D:1      | Reached skill level 1 in Dodging
   219 | D:1      | Reached XP level 2. HP: 23/26 MP: 1/1
   734 | D:2      | Reached XP level 3. HP: 27/31 MP: 2/2
   894 | D:2      | Noticed Sigmund
   902 | D:2      | Killed Sigmund
   903 | D:2      | Reached XP level 4. HP: 31/39 MP: 3/3
   903 | D:2      | Reached XP level 5. HP: 36/45 MP: 4/4
  1637 | D:3      | Found a snail-covered altar of Cheibriados.
  1710 | D:3      | Noticed Jessica
  1722 | D:3      | Killed Jessica
  1723 | D:3      | Reached skill level 5 in Dodging
  1796 | D:3      | Found a glowing drain.
  1825 | D:3      | Identified the +4 trident of Otwarphuz {antimagic, rF+
                  | Str+4}
  1836 | Sewer    | Entered a sewer
  2027 | Sewer    | Reached XP level 6. HP: 48/51 MP: 1/5
  2039 | Sewer    | Reached skill level 5 in Axes
  2262 | Sewer    | Reached XP level 7. HP: 52/57 MP: 2/6
  2354 | Sewer    | Reached skill level 1 in Polearms
  2966 | D:4      | Found a transporter.
  3015 | D:4      | Found a glowing silver altar of Zin.
  3216 | D:4      | Found a transporter.
  3217 | D:4      | Noticed mrw3rdna's ghost (amateur DrVM)
  3279 | D:4      | Found a staircase to the Ecumenical Temple.
  3295 | D:4      | Reached skill level 5 in Fighting
  3397 | Temple   | Entered the Ecumenical Temple
  3408 | Temple   | Became a worshipper of Qazlal Stormbringer
  3513 | D:4      | Found a sparkling altar of Nemelex Xobeh.
  3615 | D:4      | Reached XP level 8. HP: 67/70 MP: 2/7
  3906 | D:5      | Entered Level 5 of the Dungeon
  4103 | D:5      | Reached skill level 1 in Invocations
  4497 | D:5      | HP: 3/70 [gnoll sergeant/+2 trident of freezing (3)]
  4511 | D:5      | Reached skill level 5 in Shields
  4840 | D:5      | You fall into a shaft and drop 2 floors!
  4929 | D:7      | Found a runed translucent door.
  4930 | D:7      | Noticed Crazy Yiuf
  5024 | D:6      | Found a shimmering blue altar of Sif Muna.
  5069 | D:6      | Found Suqaguw's Antique Weapon Boutique.
  5078 | D:6      | Reached * piety under Qazlal
  5238 | D:5      | Found a shimmering altar of Xom.
  5560 | D:6      | Found a hazy altar of Hepliaklqana.
  5906 | D:6      | Found a broken altar of Ashenzari.
  5911 | D:6      | Reached skill level 5 in Invocations
  5911 | D:6      | Reached XP level 9. HP: 72/75 MP: 3/11
  6082 | D:7      | Reached skill level 5 in Armour
  6349 | D:7      | Noticed Joseph
  6375 | D:7      | Killed Joseph
  7130 | D:7      | Killed Crazy Yiuf
  7623 | D:8      | Found an ancient bone altar of Kikubaaqudgha.
  7656 | D:8      | Reached XP level 10. HP: 81/83 MP: 4/12
  7735 | D:8      | Reached ** piety under Qazlal
  8105 | D:8      | Noticed Psyche
  8120 | D:8      | Killed Psyche
  8151 | D:8      | Reached skill level 10 in Dodging
  8476 | D:8      | Found a white marble altar of Elyvilon.
  8706 | D:9      | Reached skill level 10 in Armour
  9963 | D:10     | Entered Level 10 of the Dungeon
  9979 | D:10     | Found an iron altar of Okawaru.
 10032 | D:10     | Reached *** piety under Qazlal
 10034 | D:10     | Reached skill level 1 in Maces & Flails
 10044 | D:10     | Reached XP level 11. HP: 13/89 MP: 4/14
 10294 | D:10     | Found a hide-covered altar of Uskayaw.
 10340 | D:10     | Noticed a deep elf pyromancer
 10378 | D:10     | Slain by a gnoll sergeant

Illustrated notes

Levels and vault maps discovered:
D:1:      roderic_octagonal_star, layout_rooms,
          hellmonk_ecumenical_altar_prayer_group, minmay_tromino_i2
D:2:      layout_basic, serial_park_tiny_2, minivault_4, uniq_sigmund
D:3:      layout_rooms, cheibriados_altar_1, cheibrodos_sewer_entry_sluice,
          uniq_jessica
D:4:      layout_loops_ring, nemelex_dance_club_becter, zin_academy,
          minmay_temple_entry_arrows, gammafunk_ghost_mausoleum,
          grunt_ministairs_1, corexii_hall_statues_l, hangedman_minor_gate_pass
D:5:      layout_loops_ring, kennysheep_mini_moat, dk_noncrumbling_3
D:6:      layout_rooms, kennysheep_little_box, nicolae_overflow_crystal_walls,
          nicolae_hepliaklqana_hippocampus, serial_shops, nicolae_stop_n_shop_2,
          nicolae_figureground_sparkle
D:7:      layout_gridville, dreamdust_princess_corridor,
          uniq_crazy_yiuf_cottage, uniq_joseph
D:8:      layout_loops_ring, lemuel_coloured_pillars_altar, elyvilon_altar_3,
          uniq_psyche
D:9:      layout_gridville
D:10:     layout_cave_pools, mainiacjoe_overflow_catwalk, okawaru_gym_becter,
          minmay_protected_statue
Temple:   minmay_freezing_vapour_temple

Skill      XL: |  1  2  3  4  5  6  7  8  9 10 11 |
---------------+----------------------------------+-----
Dodging        | 1 2 4 5 6 9 11 | 11.2
Axes           | 3 4 6 |  6.2
Fighting       | 5 6 |  6.5
Polearms       | 4 |  4.6
Shields        | 5 |  5.8
Invocations    | 5 |  5.8
Armour         | 4 8 11 | 11.2
Maces & Flails | 1 2 |  2.1

Action                     |  1- 3 |  4- 6 |  7- 9 | 10-12 || total
---------------------------+-------+-------+-------+-------++-------
  Melee: War axe           |    67 |    39 |       |       ||   106
         Headbutt          |     6 |    21 |    59 |    39 ||   125
         Trident           |       |    71 |   307 |   237 ||   615
  Evoke: Wand              |       |       |    11 |       ||    11
    Use: Scroll            |     2 |     4 |    15 |     2 ||    23
         Potion            |       |       |     8 |     3 ||    11
 Armour: Scale mail        |    39 |    36 |    62 |       ||   137
         Plate armour      |       |       |    62 |   161 ||   223
  Dodge: Dodged            |    40 |    53 |   199 |   175 ||   467
  Block: Buckler           |    13 |    25 |   111 |   174 ||   323
